HSSL
OTSEGO HS BULLDOGS @ BROKEN ARROW HS
04/06/2028
 
TOP OF THE 1ST
Otsego HS Bulldogs batting - Pitching for Broken Arrow HS : RHP Bill Murphy
Pitching: RHP Bill Murphy
Batting: RHB Dan Miller 0-0: Ball
1-0: Ball
2-0: Called Strike
2-1: SINGLE (Groundball, 6MD)
Batting: RHB Robbie Barnes 0-0: Ball
Dan Miller steals 2nd base
1-0: Called Strike
1-1: Ball
2-1: SINGLE (Groundball, 6MD)
Dan Miller to third
Batting: RHB Ray Martin 0-0: Fly out, F8 (Flyball, 8RM)
Runner from 3rd tags up, SCORES, no throw
Batting: SHB Keith Novak 0-0: Ball
1-0: Foul Ball, location: 2F
1-1: Ball
2-1: Ground out 4-3 (Groundball, 4S)
Robbie Barnes to second
Batting: RHB Pedro Estrada 0-0: Ball
1-0: DOUBLE (Flyball, 78D)
Robbie Barnes scores
Batting: RHB Curt Pierson 0-0: Swinging Strike
0-1: Swinging Strike
0-2: Strikes out looking
Top of the 1st over - 2 run(s), 3 hit(s), 0 error(s), 1 left on base; Otsego HS 2 - Broken Arrow HS 0
BOTTOM OF THE 1ST
Broken Arrow HS batting - Pitching for Otsego HS Bulldogs : RHP Gerard Pérez
Pitching: RHP Gerard Pérez
Batting: RHB Ramón Santos 0-0: Foul Ball, location: 2F
0-1: Ball
1-1: Foul Ball, location: 2F
1-2: Fly out, F9 (Flyball, 9S)
Batting: RHB Donnie Bryan 0-0: Ball
1-0: Ball
2-0: Ball
3-0: Base on Balls
Batting: LHB Brian Lawson 0-0: Ball
1-0: Swinging Strike
1-1: Foul Ball, location: 2F
1-2: Foul Ball, location: 2F
1-2: Ball
2-2: Strikes out swinging
Batting: RHB Bo Long 0-0: SINGLE (Line Drive, 89M)
Donnie Bryan to second
Batting: RHB James Thompson 0-0: Called Strike
0-1: Ball
1-1: Ball
2-1: Swinging Strike
2-2: Foul Ball, location: 2F
2-2: Foul Ball, location: 2F
2-2: Foul Ball, location: 2F
2-2: Strikes out swinging
Bottom of the 1st over - 0 run(s), 1 hit(s), 0 error(s), 2 left on base; Otsego HS 2 - Broken Arrow HS 0
TOP OF THE 2ND
Otsego HS Bulldogs batting - Pitching for Broken Arrow HS : RHP Bill Murphy
Batting: RHB Tim Anderson 0-0: Ball
1-0: Ball
2-0: Foul Ball, location: 2F
2-1: Ball
3-1: Base on Balls
Batting: RHB Leonard Brown 0-0: Ball
1-0: Swinging Strike
1-1: Swinging Strike
1-2: Foul Ball, location: 2F
1-2: Strikes out swinging
Batting: RHB Miguel Vega 0-0: Called Strike
0-1: Ball
1-1: Ball
2-1: Ball
3-1: Base on Balls
Tim Anderson to second
Batting: RHB Dan Miller 0-0: Ball
1-0: Swinging Strike
1-1: Ball
Wild Pitch!
Tim Anderson to third
Miguel Vega to second
2-1: Ball
3-1: Foul Ball, location: 2F
3-2: Strikes out looking
Batting: RHB Robbie Barnes 0-0: Called Strike
0-1: Foul Ball, location: 2F
0-2: Ball
1-2: Strikes out swinging
Top of the 2nd over - 0 run(s), 0 hit(s), 0 error(s), 2 left on base; Otsego HS 2 - Broken Arrow HS 0
BOTTOM OF THE 2ND
Broken Arrow HS batting - Pitching for Otsego HS Bulldogs : RHP Gerard Pérez
Batting: LHB Jesús Zamora 0-0: Ball
1-0: Ball
2-0: Swinging Strike
2-1: Foul Ball, location: 2F
2-2: Strikes out swinging
Batting: RHB Daniel Conner 0-0: Fly out, F4 (Popup, 3D)
Batting: RHB David Adams 0-0: Ball
1-0: Ball
2-0: Called Strike
2-1: Ball
3-1: Foul Ball, location: 2F
3-2: Strikes out looking
Bottom of the 2nd over - 0 run(s), 0 hit(s), 0 error(s), 0 left on base; Otsego HS 2 - Broken Arrow HS 0
TOP OF THE 3RD
Otsego HS Bulldogs batting - Pitching for Broken Arrow HS : RHP Bill Murphy
Batting: RHB Ray Martin 0-0: SINGLE (Line Drive, 6)
Batting: SHB Keith Novak 0-0: Called Strike
0-1: Called Strike
0-2: Grounds into double play, 4-6-3 (Groundball, 4)
Batting: RHB Pedro Estrada 0-0: Ball
1-0: Ball
2-0: Ball
3-0: Foul Ball, location: 2F
3-1: Ground out 5-3 (Groundball, 56S)
Top of the 3rd over - 0 run(s), 1 hit(s), 0 error(s), 0 left on base; Otsego HS 2 - Broken Arrow HS 0
BOTTOM OF THE 3RD
Broken Arrow HS batting - Pitching for Otsego HS Bulldogs : RHP Gerard Pérez
Batting: RHB Chris Lancaster 0-0: Ball
1-0: Swinging Strike
1-1: Ball
2-1: Foul Ball, location: 2F
2-2: Foul Ball, location: 2F
2-2: Strikes out looking
Batting: RHB Ramón Santos 0-0: Swinging Strike
0-1: Fly out, F6 (Popup, 6MD)
Batting: RHB Donnie Bryan 0-0: Called Strike
0-1: Foul Ball, location: 2F
0-2: Ball
1-2: Ball
2-2: Strikes out swinging
Bottom of the 3rd over - 0 run(s), 0 hit(s), 0 error(s), 0 left on base; Otsego HS 2 - Broken Arrow HS 0
TOP OF THE 4TH
Otsego HS Bulldogs batting - Pitching for Broken Arrow HS : RHP Bill Murphy
Batting: RHB Curt Pierson 0-0: Ball
1-0: Ball
2-0: SINGLE (Line Drive, 56D)
Batting: RHB Tim Anderson 0-0: Foul Ball, location: 2F
0-1: Ball
1-1: Foul Ball, location: 2F
1-2: Ball
2-2: Ball
3-2: Strikes out swinging
Curt Pierson steals 2nd base
Batter strikes out.
Batting: RHB Leonard Brown 0-0: TRIPLE (Flyball, 8LXD)
Curt Pierson scores
Batting: RHB Miguel Vega 0-0: Ball
1-0: Foul Ball, location: 2F
1-1: Fly out, F8 (Flyball, 8LM)
Batting: RHB Dan Miller 0-0: Ball
Wild Pitch!
Leonard Brown scores
1-0: Called Strike
1-1: Ball
2-1: Swinging Strike
2-2: Strikes out swinging
Top of the 4th over - 2 run(s), 2 hit(s), 0 error(s), 0 left on base; Otsego HS 4 - Broken Arrow HS 0
BOTTOM OF THE 4TH
Broken Arrow HS batting - Pitching for Otsego HS Bulldogs : RHP Gerard Pérez
Batting: LHB Brian Lawson 0-0: Called Strike
0-1: Fly out, F8 (Flyball, 8RD)
Batting: RHB Bo Long 0-0: Ball
1-0: SINGLE (Line Drive, 6MD)
Batting: RHB James Thompson 0-0: Called Strike
0-1: Ball
1-1: Ball
2-1: Grounds into double play, 6-4-3 (Groundball, 6)
Bottom of the 4th over - 0 run(s), 1 hit(s), 0 error(s), 0 left on base; Otsego HS 4 - Broken Arrow HS 0
TOP OF THE 5TH
Otsego HS Bulldogs batting - Pitching for Broken Arrow HS : RHP Bill Murphy
Batting: RHB Robbie Barnes 0-0: Ball
1-0: Called Strike
1-1: Swinging Strike
1-2: Strikes out swinging
Batting: RHB Ray Martin 0-0: SINGLE (Line Drive, 8RS)
Batting: SHB Keith Novak 0-0: Ball
1-0: DOUBLE (Line Drive, 78D)
Ray Martin to third
Batting: RHB Pedro Estrada 0-0: Swinging Strike
0-1: Called Strike
0-2: Strikes out swinging
Pitching: RHP Rafael Martínez
Batting: RHB Curt Pierson 0-0: Called Strike
0-1: Fly out, F7 (Flyball, 7LS)
Top of the 5th over - 0 run(s), 2 hit(s), 0 error(s), 2 left on base; Otsego HS 4 - Broken Arrow HS 0
BOTTOM OF THE 5TH
Broken Arrow HS batting - Pitching for Otsego HS Bulldogs : RHP Gerard Pérez
Batting: LHB Jesús Zamora 0-0: Ball
1-0: Foul Ball, location: 2F
1-1: Foul Ball, location: 2F
1-2: Foul Ball, location: 2F
1-2: Ball
2-2: Ball
3-2: Base on Balls
Batting: RHB Daniel Conner 0-0: Called Strike
0-1: Called Strike
0-2: Ball
1-2: Ball
2-2: Strikes out swinging
Batting: RHB David Adams 0-0: Ball
1-0: Called Strike
1-1: Foul Ball, location: 2F
1-2: Strikes out swinging
Batting: RHB Chris Lancaster 0-0: Ball
1-0: Fly out, F4 (Line Drive, 4M)
Bottom of the 5th over - 0 run(s), 0 hit(s), 0 error(s), 1 left on base; Otsego HS 4 - Broken Arrow HS 0
TOP OF THE 6TH
Otsego HS Bulldogs batting - Pitching for Broken Arrow HS : RHP Rafael Martínez
Batting: RHB Tim Anderson 0-0: Ball
1-0: Called Strike
1-1: Ball
2-1: Foul Ball, location: 2F
2-2: Strikes out looking
Batting: RHB Leonard Brown 0-0: Called Strike
0-1: SINGLE (Line Drive, 9LS)
Batting: RHB Miguel Vega 0-0: Ball
1-0: Foul Ball, location: 2F
1-1: Ball
2-1: Ball
3-1: Base on Balls
Leonard Brown to second
Batting: RHB Dan Miller 0-0: SINGLE (Groundball, 4MD)
Leonard Brown to third
Miguel Vega to second
Batting: RHB Robbie Barnes 0-0: Ball
1-0: Called Strike
1-1: Ball
2-1: Ball
3-1: Base on Balls
Leonard Brown scores
Miguel Vega to third
Dan Miller to second
Batting: RHB Ray Martin 0-0: Called Strike
0-1: Grounds into double play, 4-6-3 (Groundball, 4)
Top of the 6th over - 1 run(s), 2 hit(s), 0 error(s), 2 left on base; Otsego HS 5 - Broken Arrow HS 0
BOTTOM OF THE 6TH
Broken Arrow HS batting - Pitching for Otsego HS Bulldogs : RHP Gerard Pérez
Batting: RHB Ramón Santos 0-0: Ball
1-0: Called Strike
1-1: Called Strike
1-2: Foul Ball, location: 2F
1-2: Foul Ball, location: 2F
1-2: Ball
2-2: DOUBLE (Groundball, 5L)
Pitching: RHP Gordon Long
Batting: RHB Donnie Bryan 0-0: Ball
1-0: Ball
2-0: Foul Ball, location: 2F
2-1: Fly out, F9 (Flyball, 9S)
Batting: LHB Brian Lawson 0-0: Ball
1-0: Ball
2-0: Foul Ball, location: 2F
2-1: Fly out, F9 (Flyball, 89M)
Batting: RHB Bo Long 0-0: Ball
1-0: Ball
2-0: Foul Ball, location: 2F
2-1: Ball
3-1: Base on Balls
Batting: RHB James Thompson 0-0: Ball
1-0: Foul Ball, location: 2F
1-1: Ball
2-1: Fielders Choice at 2nd, 5-4 (Groundball, 5)
Bottom of the 6th over - 0 run(s), 1 hit(s), 0 error(s), 1 left on base; Otsego HS 5 - Broken Arrow HS 0
TOP OF THE 7TH
Otsego HS Bulldogs batting - Pitching for Broken Arrow HS : RHP Rafael Martínez
Batting: SHB Keith Novak 0-0: Foul Ball, location: 2F
0-1: Ball
1-1: Ball
2-1: Foul Ball, location: 2F
2-2: Strikes out swinging
Batting: RHB Pedro Estrada 0-0: Called Strike
0-1: Ball
1-1: Ball
2-1: Ball
3-1: Foul Ball, location: 2F
3-2: Base on Balls
Pitching: RHP James Harmon
Batting: RHB Curt Pierson 0-0: Ball
1-0: Ball
2-0: Called Strike
2-1: SINGLE (Groundball, 56D)
Pedro Estrada to second
Batting: RHB Tim Anderson 0-0: Ball
1-0: Swinging Strike
1-1: Ball
2-1: Foul Ball, location: 2F
2-2: Ball
3-2: Base on Balls
Pedro Estrada to third
Curt Pierson to second
Batting: RHB Leonard Brown 0-0: Ball
1-0: Grounds into double play, 5-4-3 (Groundball, 56)
Top of the 7th over - 0 run(s), 1 hit(s), 0 error(s), 2 left on base; Otsego HS 5 - Broken Arrow HS 0
BOTTOM OF THE 7TH
Broken Arrow HS batting - Pitching for Otsego HS Bulldogs : RHP Gordon Long
Batting: LHB Jesús Zamora 0-0: Ball
1-0: Ball
2-0: SINGLE (Line Drive, 4D)
Batting: RHB Daniel Conner 0-0: Reached on error, E6 (Groundball, 6)
Jesús Zamora to second
Batting: RHB David Adams 0-0: Ball
1-0: Called Strike
1-1: Ground out 5-3 (Groundball, 56S)
Jesús Zamora to third
Daniel Conner to second
Batting: RHB Chris Lancaster 0-0: Ball
1-0: Ball
2-0: Ball
3-0: Called Strike
3-1: Called Strike
3-2: Foul Ball, location: 2F
3-2: Base on Balls
Batting: RHB Ramón Santos 0-0: Called Strike
0-1: Ball
1-1: Ball
2-1: GRAND SLAM HOME RUN (Flyball, 7D), Distance : 378 ft
Pitching: RHP Artie Green
Batting: RHB Donnie Bryan 0-0: Called Strike
0-1: SINGLE (Line Drive, 6MD)
Batting: LHB Brian Lawson 0-0: Ball
1-0: Foul Ball, location: 2F
1-1: Ball
2-1: Ball
3-1: Foul Ball, location: 2F
3-2: Base on Balls
Donnie Bryan to second
Batting: RHB Bo Long 0-0: Ball
1-0: Ball
2-0: Ball
3-0: Called Strike
3-1: Fly out, F7 (Flyball, 78D)
Pinch Runner at 2nd Jon Bush:
Batting: RHB James Thompson 0-0: Swinging Strike
0-1: Foul Ball, location: 2F
0-2: Foul Ball, location: 2F
0-2: Ball
1-2: Ball
2-2: Foul Ball, location: 2F
2-2: Ball
Wild Pitch!
Jon Bush to third
Brian Lawson to second
3-2: Foul Ball, location: 2F
3-2: Strikes out swinging
Bottom of the 7th over - 4 run(s), 3 hit(s), 1 error(s), 2 left on base; Otsego HS 5 - Broken Arrow HS 4
TOP OF THE 8TH
Otsego HS Bulldogs batting - Pitching for Broken Arrow HS : RHP James Harmon
Now at 2B: Jon Bush
Batting: RHB Miguel Vega 0-0: Swinging Strike
0-1: Swinging Strike
0-2: Ball
1-2: Ball
2-2: Strikes out swinging
Batting: RHB Dan Miller 0-0: Ball
1-0: Ball
2-0: Ball
3-0: Base on Balls
Batting: RHB Robbie Barnes 0-0: Called Strike
0-1: Ball
1-1: Ball
2-1: Ball
3-1: Base on Balls
Dan Miller to second
Batting: RHB Ray Martin 0-0: Ball
1-0: Ground out 4-3 (Groundball, 34D)
Dan Miller to third
Robbie Barnes to second
Batting: SHB Keith Novak 0-0: Ball
1-0: Foul Ball, location: 2F
1-1: Ball
2-1: Ball
3-1: Called Strike
3-2: Foul Ball, location: 2F
3-2: SINGLE (Groundball, 34D)
Dan Miller scores
Robbie Barnes to third
Robbie Barnes scores
Pitching: LHP Arturo Rea
Batting: RHB Pedro Estrada 0-0: Ball
1-0: Foul Ball, location: 2F
1-1: Called Strike
1-2: Ball
2-2: Ball
3-2: Base on Balls
Keith Novak to second
Batting: RHB Curt Pierson 0-0: Ground out 5-3 (Groundball, 56S)
Top of the 8th over - 2 run(s), 1 hit(s), 0 error(s), 2 left on base; Otsego HS 7 - Broken Arrow HS 4
BOTTOM OF THE 8TH
Broken Arrow HS batting - Pitching for Otsego HS Bulldogs : RHP Artie Green
Now in RF: Bill Poe
Batting: LHB Jesús Zamora 0-0: Ball
1-0: Called Strike
1-1: Ball
2-1: Ball
3-1: Base on Balls
Pitching: RHP Russell Rose
Batting: RHB Daniel Conner 0-0: Ball
1-0: Ball
2-0: Ball
3-0: Called Strike
3-1: 2-RUN HOME RUN (Flyball, 7D), Distance : 376 ft
Batting: RHB David Adams 0-0: Ball
1-0: Ball
2-0: Ball
3-0: Base on Balls
Pinch Hitting: LHB Dennis Montgomery 0-0: Ball
1-0: Sac Bunt - play at first, batter OUT! 1-4
David Adams to second
Batting: RHB Ramón Santos 0-0: SINGLE (Groundball, 6MD)
David Adams to third
Batting: RHB Jon Bush 0-0: Ball
1-0: Grounds into double play, 4-6-3 (Groundball, 4)
Bottom of the 8th over - 2 run(s), 2 hit(s), 0 error(s), 1 left on base; Otsego HS 7 - Broken Arrow HS 6
TOP OF THE 9TH
Otsego HS Bulldogs batting - Pitching for Broken Arrow HS : LHP Arturo Rea
Pitching: RHP Wes Jordan
Now in RF: Dennis Montgomery
Batting: RHB Tim Anderson 0-0: DOUBLE (Line Drive, 7LM)
Pinch Hitting: RHB Jesse Wood 0-0: Intentional Walk
Batting: RHB Miguel Vega 0-0: Bunt missed!
0-1: Sac Bunt - play at third, runner OUT! 5-6
Jesse Wood to second
Pinch Hitting: LHB Dave Wilkinson 0-0: Ball
1-0: SINGLE (Line Drive, 56D)
Jesse Wood to third
Miguel Vega to second
Batting: RHB Robbie Barnes 0-0: SINGLE (Groundball, 6MD)
Jesse Wood scores
Miguel Vega to third
Dave Wilkinson to second
Batting: LHB Bill Poe 0-0: Ball
1-0: Foul Ball, location: 2F
1-1: Swinging Strike
1-2: Foul Ball, location: 2F
1-2: Ball
2-2: Foul Ball, location: 2F
2-2: GRAND SLAM HOME RUN (Line Drive, 7LD), Distance : 350 ft
Pitching: RHP Gong-sun Wan
Batting: SHB Keith Novak 0-0: Foul Ball, location: 2F
0-1: Foul Ball, location: 2F
0-2: Fly out, F5 (Line Drive, 56)
Batting: RHB Pedro Estrada 0-0: Called Strike
0-1: Swinging Strike
0-2: Strikes out swinging
Top of the 9th over - 5 run(s), 4 hit(s), 0 error(s), 0 left on base; Otsego HS 12 - Broken Arrow HS 6
BOTTOM OF THE 9TH
Broken Arrow HS batting - Pitching for Otsego HS Bulldogs : RHP Russell Rose
Now in LF: Dave Wilkinson
Now in CF: Jesse Wood
Batting: LHB Brian Lawson 0-0: Hit by Pitch
Batting: RHB Bo Long 0-0: Called Strike
0-1: SINGLE (Line Drive, 6MD)
Brian Lawson to second
Batting: RHB James Thompson 0-0: Called Strike
0-1: Ball
1-1: 3-RUN HOME RUN (Flyball, 7D), Distance : 388 ft
Pitching: RHP Ed Cravens
Batting: LHB Jesús Zamora 0-0: Ball
1-0: Called Strike
1-1: Ball
2-1: Ball
3-1: Swinging Strike
3-2: Fly out, F8 (Flyball, 8RM)
Batting: RHB Daniel Conner 0-0: Ball
1-0: Called Strike
1-1: Hit by Pitch
Batting: RHB David Adams 0-0: Called Strike
0-1: Ball
1-1: Ball
2-1: SINGLE (Line Drive, 4MD)
Daniel Conner to second
Batting: LHB Dennis Montgomery 0-0: Called Strike
0-1: Ball
1-1: Fly out, F9 (Line Drive, 9)
Batting: RHB Ramón Santos 0-0: Swinging Strike
0-1: Ball
1-1: Called Strike
1-2: Fly out, F7 (Line Drive, 7LM)
Bottom of the 9th over - 3 run(s), 3 hit(s), 0 error(s), 2 left on base; Otsego HS 12 - Broken Arrow HS 9
Tuesday, August 8th, 2017 - OOTP Baseball 17.12 Build 75